 Dungeon Crawl Stone Soup version 0.31.0-1-g2c135a0 (webtiles) character file.

Game seed: 11540223267517588020

8456 brinewave the Cleaver (level 11, -9/77 (99) HPs)
             Began as a Minotaur Fighter on Jan 28, 2024.
             Was the Champion of Zin.
             Killed from afar by a laughing skull (18 damage)
             ... with a bolt of negative energy
             ... in a Gauntlet.
             The game lasted 00:34:13 (9067 turns).

brinewave the Cleaver (Minotaur Fighter)            Turns: 9067, Time: 00:34:14

HP:   -9/77 (99)    AC: 15    Str: 29    XL:     11   Next: 10%
MP:   0/12          EV:  6    Int: 10    God:    Zin [******]
Gold: 550           SH: 15    Dex: 11    Spells: 10/10 levels left

rFire   . . .        G - +2 war axe (flame)
rCold   . . .        B - +0 tower shield
rNeg    . . .        c - +0 plate armour
rPois   ∞            (helmet restricted)
rElec   .            E - scarf of Sute {repulsion, Str+3}
rCorr   .            (no gloves)
SInv    +            J - +0 pair of boots
Will    .....        e - amulet of Keudixot {Spirit Int+4} Stlth
                     t - ring of see invisible
HPRegen 0.32/turn    C - ring of flight
MPRegen 0.13/turn

%: no teleportation, repel missiles, guardian spirit
@: vitalised, on recite cooldown, flying, heavily drained
A: horns 2, retaliatory headbutt
a: Renounce Religion, Recite, Vitalisation, Imprison, Sanctuary, Donate Gold


You were in a Gauntlet.
You worshipped Zin.
Zin was exalted by your worship.
You visited 1 branch of the dungeon, and saw 11 of its levels.
You also visited: Bailey and Gauntlet.

You collected 1229 gold pieces.
You donated 679 gold pieces to Zin.

Inventory:

Hand Weapons
 G - a +2 war axe of flaming (weapon)
Missiles
 g - 23 poisoned darts
 j - 68 stones (quivered)
 l - a curare-tipped dart
 w - 2 boomerangs
Armour
 c - a +0 plate armour (worn)
 B - a +0 tower shield (worn)
 E - the scarf of Sute (worn) {repulsion, Str+3}
   (You acquired it on level 7 of the Dungeon)

   Str+3:     It affects your strength (+3).
 J - a +0 pair of boots (worn)
Jewellery
 a - an amulet of faith
 e - the amulet of Keudixot (around neck) {Spirit Int+4}
   (You found it in a bailey)

   [amulet of guardian spirit]

   Spirit:    It causes incoming damage to be divided between your reserves of
   health and magic.
   Int+4:     It affects your intelligence (+4).
 t - a ring of see invisible (left hand)
 C - a ring of flight (right hand)
 H - a ring of protection from cold
 K - a ring of ice
Wands
 h - a wand of charming (17)
 r - a wand of flame (12)
 u - a wand of digging (6)
Scrolls
 k - 2 scrolls of blinking
 m - 4 scrolls of teleportation
 q - a scroll of amnesia {unknown}
 v - a scroll of immolation {unknown}
 x - a scroll of fear
 y - a scroll of fog
 A - a scroll of noise {unknown}
 F - a scroll of enchant weapon {unknown}
 I - a scroll of poison {unknown}
Potions
 b - 3 potions of heal wounds {unknown}
 d - 2 potions of might
 f - 2 potions of invisibility
 i - a potion of degeneration {unknown}
 n - 7 potions of mutation
 o - 2 potions of cancellation
 p - 3 potions of attraction {unknown}
 s - a potion of lignification {unknown}
 z - 4 potions of enlightenment {unknown}
Miscellaneous
 D - a lightning rod (4/4)


   Skills:
 + Level 10.0 Fighting
 - Level 12.4 Axes
 + Level 10.0 Armour
 + Level 10.0 Shields
 * Level 3.6 Invocations


You had 10 spell levels left.
You didn't know any spells.
Your spell library contained the following spells:

 Spells                   Type           Power      Damage    Failure   Level
 Summon Small Mammal      Summ           0%         N/A       100%        1
 Ensorcelled Hibernation  Hex/Ice        0%         N/A       100%        2
 Call Canine Familiar     Summ           0%         N/A       100%        3
 Ozocubu's Armour         Ice            0%         N/A       100%        3
 Passwall                 Erth           0%         N/A       100%        3
 Swiftness                Air            0%         N/A       100%        3
 Ignite Poison            Fire/Alch      0%         N/A       100%        4
 Sticky Flame             Fire/Alch      0%         2d4       100%        4
 Summon Blazeheart Golem  Fire/Summ      0%         N/A       100%        4
 Metabolic Englaciation   Hex/Ice        0%         N/A       100%        5
 Sculpt Simulacrum        Ice/Alch       0%         N/A       100%        6
 Ignition                 Fire           0%         3d3       100%        8


Dungeon Overview and Level Annotations

Branches:
Dungeon (11/15)            Temple (0/1) D:7             Orc (0/2) D:11
 Bailey (visited)         Gauntlet (1/1)
   Lair: D:8-11

Altars:
Cheibriados
Dithmenos
Kikubaaqudgha
Nemelex Xobeh
Sif Muna
Trog
Xom
Yredelemnul
Zin
The Shining One

Shops:
D:11 ([

Annotations:
D:10 Erolcha Gauntlet 2 transporters


Innate Abilities, Weirdness & Mutations

You have a pair of horns on your head.
You reflexively headbutt those who attack you in melee.


Message History

The laughing skull headbutts you.
The laughing skull gibbers with scorn.
The bolt of negative energy hits you!!
You feel drained.
There is a transporter landing site here.
You completely miss the laughing skull. You slash the laughing skull!
You headbutt the laughing skull, but do no damage.
The laughing skull is heavily damaged.
The laughing skull stops glowing.
You block the laughing skull's attack. x2
The laughing skull headbutts you but does no damage. x2
The laughing skull attacks as it pursues you!
The laughing skull barely misses you. You block the laughing skull's attack.
You hit the laughing skull.
Your headbutt misses the laughing skull.
The laughing skull is moderately damaged.
You block the laughing skull's attack.
You closely miss the laughing skull.
You headbutt the laughing skull, but do no damage.
The laughing skull is moderately damaged.
The laughing skull gibbers with scorn.
The bolt of negative energy hits the laughing skull.
The laughing skull completely resists.
The bolt of negative energy hits you!
You feel drained.
You block the laughing skull's attack. x2
Zin grants you divine stamina. You block the laughing skull's attack.
You slash the laughing skull! You burn the laughing skull.
The laughing skull is severely damaged.
The laughing skull headbutts you but does no damage.
The laughing skull cackles spitefully.
The bolt of negative energy hits the laughing skull.
The laughing skull completely resists.
The bolt of negative energy hits you!!
You feel drained.
* * * LOW HITPOINT WARNING * * *
You block the laughing skull's attack.
You closely miss the laughing skull.
The laughing skull is severely damaged.
The laughing skull lets out a vicious peal of laugher.
The bolt of negative energy hits you!!
You feel drained.
You die...
The laughing skull crumbles to pieces from sheer joy.

######################
##≈............≈∩≈......
8#.......©.............©
#..###########...######
#..#.........#...#....#
##..#.#.....#.#.∩.#...#P
8#..#..#####..#...#..#P©
#..#..##.##..#...#.#P.#
#..#..@zz....#...##PQ#P
#..#..##z##..#...#Q.#PQ
8#..#.. ####..#...#^#..#
##..#.# ....#.#...##P.#.
#..#. [$©....#...#.!#.
#..###########...#### #
8#.....#.©.#....≈....#.
##...8.#...#...


You could see 3 laughing skulls.

Vanquished Creatures
  Fannar (D:11)
  2 orc knights (Bailey)
  Pikel (D:3)
  Maggie (D:9)
  Jeremiah (D:8)
  3 hornets
  A vampire (D:9)
  2 wraiths (D:11)
  Eustachio (D:4)
  2 steam dragons
  2 ice beasts
  A sky beast (D:7)
  2 black bears (D:6)
  13 orc warriors
  A centaur (D:5)
  3 kobold brigands
  4 bullfrogs
  2 gnoll sergeants
  2 scorpions (D:5)
  16 wights
  3 howler monkeys (D:9)
  A crimson imp (D:3)
  4 jellies
  4 orc priests
  3 hounds
  Natasha (thrice) (D:3)
  2 gnoll boudas
  4 iguanas
  6 orc wizards
  Robin (D:4)
  17 gnolls
  5 adders
  A white imp (D:8)
  2 ufetubi (D:5)
  3 dart slugs
  32 orcs
  3 bats
  6 endoplasms
  4 giant cockroaches
  12 goblins
  8 hobgoblins
  7 jackals
  4 quokkas
  6 ball pythons
  3 frilled lizards (D:1)
  3 goblin skeletons (D:3)
  A goblin zombie (D:3)
  A hobgoblin zombie (D:3)
  26 kobolds
  A kobold skeleton (D:3)
  A kobold zombie (D:3)
  2 orc zombies (D:3)
  A rat (D:3)
241 creatures vanquished.

Notes
Turn   | Place    | Note
-------+----------+-------------------------------------------
     0 | D:1      | brinewave the Minotaur Fighter began the quest for the Orb.
     0 | D:1      | Reached XP level 1. HP: 19/19 MP: 0/0
   111 | D:1      | Reached XP level 2. HP: 27/27 MP: 1/1
   444 | D:2      | Reached skill level 3 in Axes
   560 | D:2      | Reached XP level 3. HP: 33/33 MP: 2/2
   626 | D:2      | Found a shimmering altar of Xom.
   935 | D:2      | Reached XP level 4. HP: 39/40 MP: 3/3
  1059 | D:3      | Found a glowing silver altar of Zin.
  1068 | D:3      | Reached skill level 4 in Axes
  1121 | D:3      | Became a worshipper of Zin the Law-Giver
  1137 | D:3      | Donated 44 gold pieces to Zin
  1154 | D:3      | Noticed Natasha
  1165 | D:3      | Killed Natasha
  1249 | D:3      | Reached * piety under Zin
  1279 | D:3      | Found a glowing golden altar of the Shining One.
  1289 | D:3      | Reached XP level 5. HP: 41/47 MP: 4/4
  1338 | D:3      | Noticed Natasha
  1343 | D:3      | Killed Natasha
  1523 | D:3      | Noticed Natasha
  1541 | D:3      | Killed Natasha
  1542 | D:3      | Reached skill level 5 in Axes
  1628 | D:4      | Noticed Pikel
  1628 | D:4      | Noticed a lemure
  1628 | D:4      | Noticed a lemure
  1628 | D:4      | Noticed a lemure
  1628 | D:4      | Noticed a lemure
  1655 | D:3      | Killed Pikel
  1656 | D:3      | Reached skill level 5 in Fighting
  1656 | D:3      | Reached skill level 6 in Axes
  1656 | D:3      | Reached skill level 5 in Armour
  1656 | D:3      | Reached skill level 5 in Shields
  1656 | D:3      | Reached XP level 6. HP: 17/56 MP: 5/5
  1656 | D:3      | Reached XP level 7. HP: 18/61 MP: 6/6
  2064 | D:4      | Noticed Eustachio
  2093 | D:4      | Killed Eustachio
  2094 | D:4      | Reached skill level 7 in Axes
  2176 | D:4      | Found a bloodstained altar of Trog.
  2251 | D:4      | Donated 37 gold pieces to Zin
  2362 | D:4      | Donated 32 gold pieces to Zin
  2403 | D:4      | Reached ** piety under Zin
  2414 | D:4      | Noticed Robin
  2450 | D:4      | Killed Robin
  2779 | D:5      | Entered Level 5 of the Dungeon
  2961 | D:5      | Found a basalt altar of Yredelemnul.
  2963 | D:5      | Found a shimmering blue altar of Sif Muna.
  2980 | D:5      | Found an ancient bone altar of Kikubaaqudgha.
  3089 | D:5      | Found a shadowy altar of Dithmenos.
  3139 | D:5      | Reached XP level 8. HP: 70/70 MP: 7/7
  3509 | D:6      | Reached skill level 8 in Axes
  3523 | D:4      | Zin protects you from harm!
  3524 | D:4      | HP: 1/68 [orc warrior/+0 war axe (5)]
  4094 | D:6      | Found a sparkling altar of Nemelex Xobeh.
  4198 | D:6      | Reached skill level 9 in Axes
  4332 | D:6      | Reached XP level 9. HP: 71/79 MP: 8/8
  4486 | D:6      | Reached *** piety under Zin
  4965 | D:7      | Found a snail-covered altar of Cheibriados.
  5001 | D:7      | Found a flagged portal.
  5013 | D:7      | Found a staircase to the Ecumenical Temple.
  5018 | Bailey   | Entered a bailey
  5235 | Bailey   | Reached skill level 10 in Axes
  5586 | Bailey   | Identified the amulet of Keudixot {Spirit Int+4}
  5593 | Bailey   | Noticed an orc knight
  5593 | Bailey   | Noticed an orc knight
  5607 | Bailey   | Killed an orc knight
  5608 | Bailey   | Reached skill level 11 in Axes
  5622 | Bailey   | Killed an orc knight
  5623 | Bailey   | Reached XP level 10. HP: 31/90 MP: 4/9
  5808 | D:7      | Acquired the scarf of Sute {repulsion, Str+3}
  5834 | D:7      | Acquired 456 gold pieces
  5835 | D:7      | Reached **** piety under Zin
  5836 | D:7      | Donated 296 gold pieces to Zin
  5837 | D:7      | Donated 148 gold pieces to Zin
  5855 | D:7      | Reached ***** piety under Zin
  6676 | D:8      | Reached ****** piety under Zin
  6775 | D:8      | Noticed Jeremiah
  6836 | D:8      | Killed Jeremiah
  6949 | D:8      | Reached skill level 12 in Axes
  7308 | D:8      | Paralysed by a hornet for 2 turns
  7902 | D:9      | Noticed Maggie
  7917 | D:9      | Killed Maggie
  7918 | D:9      | Reached skill level 1 in Invocations
  8811 | D:10     | Entered Level 10 of the Dungeon
  8811 | D:10     | Noticed Erolcha
  8902 | D:11     | Noticed Fannar
  8902 | D:11     | Found Pesycvod's Armour Boutique.
  8902 | D:11     | Found a staircase to the Orcish Mines.
  8917 | D:11     | Killed Fannar
  8918 | D:11     | Reached skill level 10 in Fighting
  8918 | D:11     | Reached skill level 10 in Armour
  8918 | D:11     | Reached XP level 11. HP: 75/99 MP: 9/12
  8932 | D:11     | Reached skill level 10 in Shields
  8951 | D:11     | Found Omajogaxt's Weapon Boutique.
  9022 | D:11     | Found a gate leading to a gauntlet.
  9032 | Gauntlet | Entered a Gauntlet
  9032 | Gauntlet | Found a transporter.
  9032 | Gauntlet | Found a transporter.
  9037 | Gauntlet | Found a transporter.
  9037 | Gauntlet | Noticed a tengu warrior
  9067 | Gauntlet | Killed from afar by a laughing skull

Illustrated notes

Levels and vault maps discovered:
D:1:      spicycebolla_arrival_clurvy, layout_rooms, serial_park_tiny_pond
D:2:      layout_basic, basic_altar, dk_noncrumbling_3, minmay_3d_cube
D:3:      layout_rooms, nicolae_tso_besieged_by_evil,
          mainiacjoe_overflow_concentric_impassable, uniq_natasha
D:4:      nicolae_BIG_FREAKIN_CUBE, layout_loops_ring,
          mainiacjoe_overflow_tiny_flanked, uniq_pikel, uniq_robin,
          uniq_eustachio
D:5:      minmay_evil_eye, layout_basic, nicolae_overflow_macrodata_refinement,
          minivault_14
D:6:      layout_loops_cross, nemelex_xobeh_ov_fountains_minmay,
          hangedman_decor_clover_reticule
D:7:      layout_gridville, amcnicky_altar_gilded, temple_fountains,
          enter_bailey_5
D:8:      layout_loops_cross, minivault_27, st_stairs_11, uniq_jeremiah
D:9:      layout_loops_ring, uniq_maggie
D:10:     layout_loops_ring, erik_lair_island, uniq_erolcha
D:11:     layout_gridville, orc_david_3, gauntlet_entry_generic, serial_shops,
          shop_statue, uniq_fannar
Gauntlet: gammafunk_gauntlet_hard_choice [nicolae_gauntlet_arena_blocks,
          gammafunk_gauntlet_arena_arrow_garden,
          nicolae_gauntlet_arena_flowing_pool, gammafunk_gauntlet_arena_split_x,
          gammafunk_gauntlet_arena_teeth, gammafunk_gauntlet_arena_chambers,
          dreamdust_gauntlet_exit_labyrinth]

Skill      XL: |  1  2  3  4  5  6  7  8  9 10 11 |
---------------+----------------------------------+-----
Axes           | 3 4 6 7 9 11 12 | 12.4
Armour         | 4 5 6 7 8 10 | 10.0
Fighting       | 4 5 6 7 8 10 | 10.0
Shields        | 4 5 6 7 8 9 10 | 10.0
Invocations    | 3 |  3.6

Action                     |  1- 3 |  4- 6 |  7- 9 | 10-12 || total
---------------------------+-------+-------+-------+-------++-------
  Melee: War axe           |    49 |    66 |   333 |   229 ||   677
         Headbutt          |     4 |     9 |    57 |    48 ||   118
 Invoke: Donate Gold       |       |     1 |     2 |     2 ||     5
         Recite            |       |       |    15 |    12 ||    27
         Vitalisation      |       |       |     2 |     1 ||     3
    Use: Scroll            |       |     3 |     7 |     5 ||    15
         Potion            |       |     1 |     3 |       ||     4
   Stab: Confused          |       |       |     3 |     3 ||     6
         Invisible         |       |       |     1 |     2 ||     3
 Armour: Scale mail        |    29 |    37 |       |       ||    66
         Chain mail        |       |    17 |   115 |       ||   132
         Plate armour      |       |       |   170 |   156 ||   326
  Dodge: Dodged            |    26 |    35 |   103 |    38 ||   202
  Block: Buckler           |     7 |    12 |    48 |       ||    67
         Tower shield      |       |       |   196 |   204 ||   400
